 Dungeon Crawl Stone Soup version 0.28-a0-384-g9e0c098162 (webtiles) character file.

Game seed: 12750776432277808398

1049 freelancePsychic the Magician (level 8, -3/61 HPs)
             Began as a Djinni Cinder Acolyte on Sept 2, 2021.
             Was a High Priest of Ignis.
             Slain by a centaur (6 damage)
             ... on level 5 of the Dungeon.
             The game lasted 00:07:54 (5951 turns).

freelancePsychic the Magician (DjCA)                Turns: 5951, Time: 00:07:55

Health: -3/61      AC:  4    Str: 13    XL:     8   Next: 50%
Gold:   357        EV: 11    Int: 19    God:    Ignis [*****.] SH:  0 Dex:  8

rFire   + + +      SeeInvis .   j - staff of cold
rCold   . . .      Faith    .   (no shield)
rNeg    . . .      Spirit   .   b - +0 robe
rPois   ∞          Reflect  .   h - +0 helmet
rElec   .          Harm     .   (no cloak)
rCorr   .          Rampage  .   f - +0 pair of gloves
Will    +....                   (boots unavailable)
Stlth   +.........              (no amulet)
HPRegen 0.20/turn               m - ring of willpower
MPRegen 0.00/turn               (no ring)

@: attractive, flying
A: sickness immunity, fire resistance 2, cold vulnerability 1, float, innate
caster, hp casting, extra vitality 1
a: Renounce Religion, Sea of Fire, Foxfire Swarm, Rising Flame


You were on level 5 of the Dungeon.
You worshipped Ignis.
Ignis was extremely pleased with you.
You visited 1 branch of the dungeon, and saw 5 of its levels.

You collected 357 gold pieces.

Inventory:

Hand Weapons
 a - a -1 short sword of flaming
Missiles
 g - a throwing net
Armour
 b - a +0 robe (worn)
 f - a +0 pair of gloves (worn)
 h - a +0 helmet (worn)
Magical Staves
 j - a staff of cold (weapon)
Jewellery
 k - a ring of resist corrosion
 l - an amulet of faith
 m - a ring of willpower (left hand)
Wands
 o - a wand of paralysis (8)
Scrolls
 c - a scroll of holy word
Potions
 d - 3 potions of might
 i - a potion of cancellation {unknown}
 n - a potion of lignification {unknown}
 p - a potion of curing {unknown}


   Skills:
 + Level 6.1 Fighting
 - Level 2.6 Short Blades
 * Level 6.4 Spellcasting


You had 11 spell levels left.
You knew the following spells:

 Your Spells              Type           Power      Damage    Failure   Level
a - Foxfire               Conj/Fire      100%       2x1d9     1%          1
b - Scorch                Fire           60%        2d8       1%          2
c - Ensorcelled Hibernat  Hex/Ice        90%        N/A       1%          2
d - Lesser Beckoning      Tloc           30%        N/A       2%          3
Your spell library was empty.

Dungeon Overview and Level Annotations

Branches:
Dungeon (5/15)
 Temple: D:4-7

Altars:
Cheibriados
Fedhas
Xom

Shops:
D:2 [

Annotations:
D:5 Pikel


Innate Abilities, Weirdness & Mutations

You are immune to sickness and miasma.
You are immune to poison.
Your flesh is very heat resistant. (rF++)
You are vulnerable to cold. (rC-)
You float through the air rather than walking.
You learn spells naturally, not from books.
Your magical power is your life essence.
You have superior vitality. (+4 HP)


Message History

The lemure is almost dead.
The centaur barely misses you. The centaur kicks you. The centaur hits you.
The centaur closely misses you.
You hit the centaur.
The centaur is severely wounded.
The lemure is no longer more vulnerable to fire. x2
The centaur hits you.
The centaur kicks you but does no damage.
The centaur hits you but does no damage.
The centaur kicks you.
You hit the centaur but do no damage.
The centaur is severely wounded.
The centaur hits you. The centaur barely misses you.
Okay, then.
The centaur is no longer more vulnerable to fire.
The centaur hits you.
The centaur kicks you but does no damage.
The centaur wields a +0 shortbow.
The centaur shoots an arrow.
The arrow hits you!
Casting: Scorch (safe; 1% risk of failure)
Confirm with . or Enter, or press ? or * to list all spells.
Flames lash the centaur.
The centaur is severely wounded.
The centaur's fire resistance burns away.
The centaur shoots an arrow.
The arrow hits you!
* * * LOW HITPOINT WARNING * * *
The centaur shoots an arrow.
The arrow hits you!
* * * LOW HITPOINT WARNING * * *
Casting: Scorch (safe; 1% risk of failure)
Confirm with . or Enter, or press ? or * to list all spells.
You don't have enough health to cast this spell.
It was a potion of attraction.
You feel attractive to monsters.
The centaur shoots an arrow.
The arrow closely misses you. The centaur is attracted toward you.
You hit the centaur but do no damage.
The centaur is severely wounded.
The centaur unwields a +0 shortbow.
The centaur barely misses you. The centaur closely misses you.
The centaur hits you.
You die...

....##..#.
...(......
.#####..##
#.... .#
###.#
#####...#
#.#
#.K.555.#
#^#
#c###5#.#
#.. #@#
####>. #.#
#....[ #.#
#.#.#...
#.#
#.....#.
#.#
....#...
#.#
######.#
#.# #.#
#.# #.#
#.# #.#


You could see Pikel and a centaur (inflammable).

Vanquished Creatures
  2 necrophages
  2 kobold brigands (D:3)
  2 centaur skeletons
  2 iguanas (D:5)
  3 orc wizards
  Ijyb (D:5)
  A hound skeleton (D:4)
  18 gnolls
  8 adders
  A dart slug (D:3)
  9 orcs
  2 endoplasms
  A giant cockroach (D:2)
  6 goblins
  11 hobgoblins
  2 quokkas (D:4)
  5 ball pythons
  3 bats
  A frilled lizard (D:1)
  45 kobolds
  3 rats
128 creatures vanquished.

Vanquished Creatures (others)
  5 dream sheep (D:4)
  113 foxfires
118 creatures vanquished.

Grand Total: 246 creatures vanquished

Notes
Turn   | Place    | Note
-------+----------+-------------------------------------------
     0 | D:1      | freelancePsychic the Djinni Cinder Acolyte began the quest
                  | for the Orb.
     0 | D:1      | Reached XP level 1. HP: 20/20 MP: 0/0
   374 | D:1      | Reached XP level 2. HP: 25/25 MP: 0/0
  1126 | D:2      | Found Bufysoll's Armour Boutique.
  1366 | D:2      | Reached XP level 3. HP: 19/30 MP: 0/0
  1366 | D:2      | Learned a level 1 spell: Foxfire
  2278 | D:3      | Noticed a necrophage
  2287 | D:3      | Killed a necrophage
  2288 | D:3      | Reached XP level 4. HP: 18/37 MP: 0/0
  2288 | D:3      | Reached XP level 5. HP: 20/41 MP: 0/0
  2288 | D:3      | Learned a level 2 spell: Ensorcelled Hibernation
  2594 | D:3      | Found a snail-covered altar of Cheibriados.
  3240 | D:3      | Noticed a kobold brigand
  3245 | D:3      | Reached XP level 6. HP: 42/47 MP: 0/0
  3741 | D:3      | Reached XP level 7. HP: 24/53 MP: 0/0
  3741 | D:3      | Learned a level 3 spell: Lesser Beckoning
  3974 | D:3      | Reached skill level 5 in Spellcasting
  4047 | D:3      | Reached skill level 5 in Fighting
  4710 | D:4      | Found a blossoming altar of Fedhas.
  4976 | D:4      | Reached XP level 8. HP: 41/60 MP: 0/0
  5424 | D:4      | Noticed a dream sheep
  5424 | D:4      | Noticed a dream sheep
  5424 | D:4      | Noticed a dream sheep
  5424 | D:4      | Noticed a dream sheep
  5424 | D:4      | Noticed a dream sheep
  5424 | D:4      | Found a shimmering altar of Xom.
  5425 | D:4      | Killed a dream sheep
  5426 | D:4      | Killed a dream sheep
  5426 | D:4      | Killed a dream sheep
  5426 | D:4      | Killed a dream sheep
  5426 | D:4      | Killed a dream sheep
  5618 | D:5      | Entered Level 5 of the Dungeon
  5621 | D:5      | Noticed Ijyb
  5625 | D:5      | Killed Ijyb
  5941 | D:5      | Noticed Pikel
  5949 | D:5      | HP: 2/61 [centaur/arrow (9)]
  5951 | D:5      | Slain by a centaur

Illustrated notes

Levels and vault maps discovered:
D:1:      doesnt_arrival_eight_statues, layout_basic
D:2:      layout_loops_corners, serial_shops, nicolae_lakefront_shop
D:3:      minmay_goblin_kobold_castle, layout_basic,
          mainiacjoe_overflow_brackets, kennysheep_generic_room_16
D:4:      cheibrodos_old_hovel, layout_cave_pools, lemuel_crystal_altar,
          kb_xom_exploding_sheep
D:5:      layout_loops_ring, amcnicky_altar_gilded, uniq_pikel, uniq_ijyb,
          uniq_sigmund

Skill      XL: |  1  2  3  4  5  6  7  8 |
---------------+-------------------------+-----
Spellcasting   | 3 4 5 6 |  6.4
Fighting       | 4 5 6 |  6.1
Short Blades   | |  2.6

Action                   |  1- 3 |  4- 6 |  7- 9 || total
-------------------------+-------+-------+-------++-------
Melee: Short sword       |    18 |       |       ||    18
       Staff             |       |       |     3 ||     3
 Cast: Scorch            |    25 |    32 |   106 ||   163
       Foxfire           |     7 |    40 |     8 ||    55
Invok: Foxfire Swarm     |       |       |     1 ||     1
  Use: Scroll            |     2 |     2 |     1 ||     5
       Potion            |       |       |     1 ||     1
Armor: Robe              |     2 |     4 |    17 ||    23
Dodge: Dodged            |    11 |    14 |    18 ||    43

Table legend: (Time is in decaauts)
 A = Elapsed time spent in this place.
 B = Non-inter-level travel time spent in this place.
 C = Inter-level travel time spent in this place.
 D = Time resting spent in this place.
 E = Time spent auto-exploring this place.
 F = Levels seen in this place.
 G = Mean time per level.
                   A        B        C        D        E       F      G
               +--------+--------+--------+--------+--------+-----+--------+
         Total |   5948 |   5893 |     55 |      0 |   5248 |   5 | 1189.6 |
       Dungeon |   5948 |   5893 |     55 |      0 |   5248 |   5 | 1189.6 |
               +--------+--------+--------+--------+--------+-----+--------+

Top non-repeatable levels by time:
     D:3: 2612 daAuts
     D:2: 1125 daAuts
     D:1: 939 daAuts
     D:4: 937 daAuts
     D:5: 333 daAuts
